 Dungeon Crawl Stone Soup version 0.19.0-20-gbc5f0c6 (webtiles) character file.

322 Minion the Cutter (level 6, -4/50 HPs)
             Began as a Minotaur Assassin on Nov 18, 2016.
             Was a Believer of Uskayaw.
             Slain by a centaur (8 damage)
             ... on level 5 of the Dungeon.
             The game lasted 00:05:52 (3008 turns).

Minion the Cutter (Minotaur Assassin)               Turns: 3008, Time: 00:05:53

Health: -4/50      AC:  8    Str: 16    XL:     6   Next: 22%
Magic:  5/5        EV: 12    Int:  8    God:    Uskayaw [**....]
Gold:   195        SH:  0    Dex: 13    Spells: 0 memorised, 5 levels left

rFire  . . .     SeeInvis .     w - +1 dagger (venom)
rCold  + . .     Gourm    .     c - +0 robe
rNeg   . . .     Faith    .     (no shield)
rPois  .         Spirit   .     (helmet restricted)
rElec  .         Reflect  .     d - +0 cloak
rCorr  .         Harm     +     o - +1 pair of gloves
MR     .....                    k - +2 pair of boots
Stlth  +++.......               u - amulet of harm
                                (no ring)
                                C - ring of protection from cold

@: no status effects
A: retaliatory headbutt, horns 2
a: Stomp, Line Pass, Renounce Religion


You were on level 5 of the Dungeon.
You worshipped Uskayaw.
Uskayaw was noncommittal.
You were not hungry.

You visited 1 branch of the dungeon, and saw 5 of its levels.

You collected 195 gold pieces.

Inventory:

Hand Weapons
 b - a +0 blowgun
 w - a +1 dagger of venom (weapon)
Missiles
 e - 26 poisoned needles
 f - 2 curare-tipped needles
Armour
 c - a +0 robe (worn)
 d - a +0 cloak (worn)
 k - a +2 pair of boots (worn)
 o - a +1 pair of gloves (worn)
Jewellery
 u - an amulet of harm (around neck)
 C - a ring of protection from cold (left hand)
Wands
 y - a wand of iceblast (10/15)
Scrolls
 a - a scroll of fear {unknown}
 h - 2 scrolls of remove curse
 i - 6 scrolls of identify
 m - 3 scrolls of magic mapping
 v - 2 scrolls of amnesia
 x - 4 scrolls of teleportation
 E - a scroll of immolation {unknown}
Potions
 j - 2 potions of might {unknown}
 s - 2 potions of lignification
 t - a potion of haste {unknown}
 z - 2 potions of curing {unknown}
 A - a potion of agility {unknown}
 B - a potion of degeneration {unknown}
Books
 D - a Grand Grimoire

   Spells                             Type                      Level
   a - Monstrous Menagerie            Summoning                    7
   b - Summon Greater Demon           Summoning                    7
   c - Malign Gateway                 Summoning/Translocation      7
   d - Summon Horrible Things         Summoning                    8
Comestibles
 g - 3 bread rations
 l - 3 fruits
 n - 3 beef jerkies
 p - 4 meat rations
 q - 2 slices of pizza


   Skills:
 - Level 2.4 Fighting
 + Level 5.5 Short Blades
 - Level 2.0 Throwing
 - Level 1.1 Dodging
 + Level 5.1 Stealth


You had 5 spell levels left.
You didn't know any spells.

Dungeon Overview and Level Annotations

Branches:
Dungeon (5/15)
 Temple: D:4-7

Altars:
Dithmenos
Uskayaw


Innate Abilities, Weirdness & Mutations

You reflexively headbutt those who attack you in melee.
You have a pair of horns on your head.


Message History

The centaur hits you!
* * * LOW HITPOINT WARNING * * *
The centaur hits you!
* * * LOW HITPOINT WARNING * * *
You are too injured to fight recklessly!
You are too injured to fight recklessly!
You are too injured to fight recklessly!
You are too injured to fight recklessly!
You are too injured to fight recklessly!
You hit the centaur.
The centaur is lightly wounded.
The centaur hits you but does no damage.
You hit the centaur. You headbutt the centaur!
The centaur is heavily wounded.
You are no longer glowing.
The centaur barely misses you.
You hit the centaur but do no damage.
The centaur is poisoned.
The centaur is heavily wounded.
The centaur hits you!
You die... #.##.# #.##.# ..# #.##.# cg#

#.##.# ..# #.##.#####
..# .........#### g.#
............# ?.#
#..#..##.##.########..#
##.#..##.##...((@c.)..#
##.#..##.############.#
##.#..##.#### #
......#......
##.........#
#####.#...## # #.##.##
#####.##.# >.....##<#


You could see a centaur.

Vanquished Creatures
  An orc priest (D:4)
  A jelly (D:5)
  A centaur skeleton (D:3)
  A gnoll shaman (D:5)
  An iguana (D:4)
  A hound skeleton (D:4)
  2 gnolls (D:5)
  8 adders
  3 worms
  A leopard gecko (D:3)
  4 orcs (D:4)
  6 goblins (D:2)
  8 hobgoblins
  10 jackals
  7 kobolds
  2 quokkas
  3 ball pythons
  5 bats (D:2)
  4 frilled lizards
  6 rats
75 creatures vanquished.

Notes
Turn   | Place    | Note
-------+----------+-------------------------------------------
     0 | D:1      | Minion the Minotaur Assassin began the quest for the Orb.
     0 | D:1      | Reached XP level 1. HP: 18/18 MP: 0/0
   464 | D:1      | Reached XP level 2. HP: 17/25 MP: 1/1
   891 | D:2      | Reached XP level 3. HP: 30/30 MP: 2/2
  1308 | D:2      | Reached XP level 4. HP: 37/37 MP: 3/3
  1835 | D:3      | Found a hide-covered altar of Uskayaw.
  1845 | D:3      | Reached XP level 5. HP: 39/42 MP: 4/4
  1881 | D:3      | Became a worshipper of Uskayaw the Reveler
  2164 | D:4      | Reached * piety under Uskayaw
  2236 | D:4      | Reached ** piety under Uskayaw
  2246 | D:4      | Reached skill level 5 in Short Blades
  2247 | D:4      | Reached *** piety under Uskayaw
  2815 | D:4      | Found a shadowy altar of Dithmenos.
  2895 | D:5      | Entered Level 5 of the Dungeon
  2917 | D:5      | Reached skill level 5 in Stealth
  2917 | D:5      | Reached XP level 6. HP: 44/50 MP: 5/5
  3008 | D:5      | Slain by a centaur

Skill      XL: |  1  2  3  4  5 |
---------------+----------------+-----
Short Blades   | 3 4 5 |  5.5
Stealth        | 4 5 |  5.1
Fighting       | |  2.4
Throwing       | |  2.0
Dodging        | |  1.1

Action                   |  1- 3 |  4- 6 || total
-------------------------+-------+-------++-------
Melee: Dagger            |    75 |    99 ||   174
       Headbutt          |     8 |    17 ||    25
  Use: Scroll            |       |    10 ||    10
 Stab: Sleeping          |     4 |     5 ||     9
       Distracted        |       |     1 ||     1
       Paralysed         |       |     1 ||     1
  Eat: Chunk             |     1 |     4 ||     5
       Royal jelly       |       |     1 ||     1
Armor: Robe              |    21 |    24 ||    45
Dodge: Dodged            |    44 |    69 ||   113
